Map: Croisement de Kairos EC

Players

ShoWTimE - Winner!

  • Race: Protoss Protoss
  • Spawn Location: 11:00

ShaDoWn

  • Race: Protoss Protoss
  • Spawn Location: 5:00

Event: 2019 WCS Summer

VOD

Have the link to the VOD?

Description

Time

  • Played on: July 12, 2019, 9:45 a.m.
  • Length: 8:52

All games in this series

Show
View Real Time Build Order
Export as new Build Order

ShoWTimE Protoss - Winner!

Build Orders: Phoenix Opening 

Get SALT Encoding   

  12  0:00  Probe  
  13  0:12  Probe  
  14  0:17  Pylon  
  14  0:24  Probe  
  15  0:32  Probe  
  15  0:37  Gateway  
  15  0:40  Probe  
  16  0:46  Assimilator  
  17  0:51  Probe  
  17  0:54  Assimilator  
  18  0:59  Probe  
  19  1:07  Probe  
  19  1:11  Gateway  
  19  1:17  Probe  
  20  1:24  Cybernetics Core  
  21  1:29  Probe  
  22  1:36  Pylon  
  22  1:41  Probe  
  23  1:54  Probe  
  24  2:01  Stalker x2, Warp Gate  
  28  2:12  Pylon  
  28  2:14  Probe  
  29  2:30  Stalker  
  29  2:31  Stalker  
  33  3:02  Nexus  
  33  3:05  Sentry x2  
  37  3:13  Robotics Facility  
  37  3:20  Pylon  
  37  3:29  Shield Battery  
  37  3:37  Shield Battery  
  37  3:39  Shield Battery, Phoenix  
  37  3:49  Sentry, Immortal  
  39  3:56  Probe  
  39  4:02  Adept  
  46  4:18  Warp Prism  
  46  4:28  Adept x2  
  52  4:32  Pylon  
  52  4:40  Pylon  
  52  4:58  Gateway  
  52  5:00  Pylon  
  52  5:08  Immortal  
  56  5:30  Adept x2  
  56  5:31  Pylon  
  60  5:38  Phoenix  
  60  5:40  Pylon  
  60  5:50  Immortal  
  64  6:07  Sentry x2  
  68  6:15  Pylon  
  68  6:33  Robotics Bay  
  68  6:36  Nexus  
  68  6:47  Zealot x2  
  68  6:49  Probe  
  67  7:01  Probe  
  68  7:09  Disruptor  
  68  7:13  Pylon  
  68  7:15  Probe  
  72  7:27  Probe  
  73  7:34  Shield Battery  
  73  7:35  Disruptor, Shield Battery  
  73  7:36  Shield Battery  
  73  7:45  Probe  
  77  7:55  Probe  
  78  7:59  Probe  
  78  8:02  Disruptor  
  79  8:08  Probe, Forge  
  83  8:20  Adept  
  85  8:30  Adept  
  85  8:32  Gateway  
  87  8:38  Shield Battery  
  86  8:46  Adept  
Show
View Real Time Build Order
Export as new Build Order

ShaDoWn Protoss 

Build Orders:  

Get SALT Encoding   

  12  0:00  Probe  
  13  0:13  Probe  
  14  0:17  Pylon  
  14  0:23  Probe  
  15  0:32  Probe  
  15  0:38  Gateway  
  15  0:40  Probe  
  16  0:46  Assimilator  
  17  0:51  Probe  
  17  0:54  Assimilator  
  18  1:00  Probe  
  19  1:07  Gateway  
  19  1:08  Probe  
  19  1:17  Probe  
  20  1:25  Cybernetics Core  
  21  1:29  Probe  
  22  1:37  Pylon  
  22  1:41  Probe  
  23  1:55  Probe  
  23  2:00  Adept  
  23  2:01  Adept, Warp Gate  
  28  2:07  Robotics Facility  
  28  2:12  Pylon  
  28  2:30  Stalker  
  28  2:31  Stalker  
  32  2:43  Immortal  
  32  2:54  Gateway  
  36  3:04  Pylon  
  36  3:14  Warp Prism  
  36  3:23  Shield Battery  
  36  3:51  Stalker, Sentry x2  
  41  3:58  Pylon  
  41  4:14  Stalker x3  
  47  4:29  Probe  
  48  4:36  Nexus  
  48  4:41  Probe  
  49  4:53  Probe  
  50  5:05  Probe  
  50  5:06  Twilight Council  
  51  5:10  Pylon  
  51  5:16  Adept  
  51  5:17  Probe  
  54  5:29  Probe, Adept x2  
  59  5:37  Resonating Glaives  
  59  5:42  Probe  
  61  5:50  Probe  
  61  5:54  Probe  
  61  5:56  Adept  
  64  5:58  Adept  
  64  6:03  Probe  
  67  6:07  Probe  
  68  6:15  Probe, Pylon  
  69  6:32  Pylon  
  69  6:33  Adept x3  
  69  6:38  Gateway  
  75  6:45  Probe  
  72  6:55  Probe  
  72  6:56  Adept x3  
  72  7:01  Pylon  
  77  7:03  Probe  
  77  7:08  Probe  
  79  7:09  Gateway  
  79  7:17  Adept x3  
  79  7:19  Gateway  
  87  7:29  Probe  
  84  7:33  Assimilator  
  84  7:35  Sentry x2  
  87  7:40  Sentry x2  
  87  7:43  Pylon  
  90  7:49  Pylon  
  87  8:01  Adept x2  
  91  8:07  Adept x3  
  97  8:15  Adept  
  99  8:22  Adept x2  
  103  8:31  Adept x3  
Tags
 
Add a new tag
Caveats
  • Supply blocks, unpowered buildings, or Contaminate may cause inaccurate times.
  • Supply counts are checked every 10 seconds.